 Dungeon Sprint DCSS version 0.16-a0-4088-g7c8221e (console) character file.

1100000 Monkaria the Slayer (level 15, -3/168 HPs)
             Began as a Ghoul Fighter on Feb 22, 2015.
             Slain by a meat berserker
             ... wielding a +9 battleaxe
              (25 damage)
             ... in the Dungeon (Sprint VIII: "Arena of Blood").
             The game lasted 00:00:34 (11 turns).

Monkaria the Slayer (Ghoul Fighter)                   Turns: 11, Time: 00:00:34

Health: -3/168     AC: 11    Str: 22    XL:     15   Next: 43%
Magic:  11/11      EV: 10    Int:  8    God:
Gold:   0          SH:  0    Dex:  8    Spells: 0 memorised, 14 levels left

rFire  . . .     SeeInvis .     i - +∞ Axe of Woe
rCold  + . .     Clarity  .     b - +0 scale mail
rNeg   + + +     SustAb   .     (no shield)
rPois  ∞         Gourm    .     (no helmet)
rElec  .         Spirit   .     (no cloak)
rCorr  .         Warding  .     (no gloves)
rMut   .         NoTele   +     (no boots)
MR     +....                    (no amulet)
Stlth  ..........               (no ring)
                                (no ring)

@: rotting, somewhat resistant to hostile enchantments, extremely unstealthy
A: rotting body, claws 1, carnivore 3, cold resistance 1, negative energy
resistance 3, poison resistance, slow healing 1, torment resistance, unbreathing
a: no special abilities


You were in the Dungeon.
You were not hungry.

You visited 1 branch

Inventory:

Hand weapons
 a - a +0 war axe
 i - the +∞ Axe of Woe (weapon)
   (You found it in the Dungeon)
Armour
 b - a +0 scale mail (worn)
 c - a +0 shield
Scrolls
 j - a scroll of blinking
Potions
 d - a potion of curing
 e - a potion of might
 f - a potion of heal wounds
 g - a potion of haste
 h - 2 potions of magic


   Skills:
 + Level 24.7 Fighting
 + Level 13.2 Axes
 + Level 20.7 Armour
 + Level 20.5 Shields


You had 14 spell levels left.
You didn't know any spells.

Dungeon Overview and Level Annotations

Branches:
Dungeon (1/1)

Altars:
Makhleb


Innate Abilities, Weirdness & Mutations

Your body is rotting away.
You thrive on raw meat.
You have sharp fingernails.
You are carnivorous and can eat meat at any time.
Your flesh is cold resistant.
You are immune to negative energy.
Your system is resistant to poisons.
You heal slowly when monsters are visible.
You are immune to unholy pain and torment.
You can survive without breathing.


Message History

You hear a shout! x2
A meat berserker comes into view. It is wielding a +9 battleaxe.
You slice the meat berserker!!
You dissect the meat berserker like a pig carcass.
You kill the meat berserker!
Your Axes skill increases to level 12!
Your Armour skill increases to level 20!
You have reached level 15!
Your experience leads to an increase in your attributes!
Increase (S)trength, (I)ntelligence, or (D)exterity?
You feel clever.
You feel stronger.
You hit the bag of meat.
You dissect the bag of meat like a pig carcass.
You kill the bag of meat!
Your Fighting skill increases to level 24!
Your Axes skill increases to level 13!
Your Shields skill increases to level 20!
You hear a shout! x8
The meat berserker hits you with a +9 battleaxe!!
You die...

... .. ..... #.
...# #.. ...#
.###.. ...###..
......###o.....
......_.o...
#....O# #_.o)@#
#....)#
......_.....
......###......
.###.. ...###..
#.. .oO# #.
...# .. .....
...


You could see 2 meat berserkers and 4 bags of meat.

Vanquished Creatures
  2 ogres (D)
  5 orcs (D)
7 creatures vanquished.

Notes
Turn   | Place    | Note
--------------------------------------------------------------
     0 | D        | Monkaria, the Ghoul Fighter, began the quest for the Orb.
     0 | D        | Reached XP level 1. HP: 19/19 MP: 1/1
     2 | D        | Noticed a bag of meat
     2 | D        | Noticed a bag of meat
     3 | D        | Noticed a meat berserker
     4 | D        | Noticed a bag of meat
     4 | D        | Noticed a bag of meat
     5 | D        | Noticed a bag of meat
     5 | D        | Noticed a bag of meat
     6 | D        | Noticed a bag of meat
     7 | D        | Noticed a bag of meat
     8 | D        | Noticed a meat berserker
     8 | D        | Noticed a meat berserker
     9 | D        | Killed a meat berserker
     9 | D        | Reached skill level 16 in Fighting
     9 | D        | Reached XP level 2. HP: 22/50 MP: 2/2
     9 | D        | Reached XP level 3. HP: 25/57 MP: 3/3
     9 | D        | Reached XP level 4. HP: 28/64 MP: 3/3
     9 | D        | Reached XP level 5. HP: 31/72 MP: 4/4
     9 | D        | Reached XP level 6. HP: 34/80 MP: 5/5
     9 | D        | Reached XP level 7. HP: 36/86 MP: 5/5
     9 | D        | Reached XP level 8. HP: 39/94 MP: 6/6
     9 | D        | Reached XP level 9. HP: 41/101 MP: 7/7
     9 | D        | Reached XP level 10. HP: 44/110 MP: 7/7
     9 | D        | Reached XP level 11. HP: 46/116 MP: 8/8
     9 | D        | Killed a bag of meat
     9 | D        | Reached skill level 19 in Fighting
     9 | D        | Reached XP level 12. HP: 48/130 MP: 9/9
    10 | D        | Noticed a bag of meat
    10 | D        | Killed a bag of meat
    10 | D        | Reached skill level 20 in Fighting
    10 | D        | Reached skill level 10 in Axes
    10 | D        | Reached XP level 13. HP: 50/141 MP: 9/9
    10 | D        | Killed a bag of meat
    10 | D        | Reached skill level 21 in Fighting
    10 | D        | Reached XP level 14. HP: 52/152 MP: 10/10
    10 | D        | Killed a bag of meat
    10 | D        | Reached skill level 23 in Fighting
    11 | D        | Noticed a meat berserker
    11 | D        | Killed a meat berserker
    11 | D        | Reached XP level 15. HP: 22/166 MP: 11/11
    11 | D        | Killed a bag of meat
    11 | D        | Reached skill level 24 in Fighting
    11 | D        | Slain by a meat berserker

Action                   |  1- 3 |  4- 6 |  7- 9 | 10-12 | 13-15 || total
-------------------------+-------+-------+-------+-------+-------++-------
Melee: Executioner's axe |     1 |       |       |     1 |     1 ||     3
